 Dungeon Crawl Stone Soup version 0.24-a0-201-gf205589 (console) character file.

Game seed: 8161938467619997027

310 Voker57 the Slasher (level 6, -2/42 HPs)
             Began as a Demonspawn Gladiator on Mar 22, 2019.
             Was an Initiate of Hepliaklqana.
             Slain by a white imp (4 damage)
             ... summoned by Eustachio
             ... on level 4 of the Dungeon.
             The game lasted 00:03:52 (2615 turns).

Voker57 the Slasher (Demonspawn Gladiator)          Turns: 2615, Time: 00:03:53

Health: -2/42      AC:  6    Str: 15    XL:     6   Next: 18%
Magic:  6/6        EV: 13    Int:  9    God:    Hepliaklqana [......]
Gold:   218        SH:  0    Dex: 16    Spells: 5/5 levels left

rFire    . . .     SeeInvis .   a - +0 long sword
rCold    + . .     Gourm    .   (no shield)
rNeg     . . .     Faith    .   p - +0 ring mail {rC+}
rPois    .         Spirit   .   c - +0 helmet
rElec    .         Reflect  .   (no cloak)
rCorr    .         Harm     .   (no gloves)
MR       .....                  (no boots)
Stlth    +.........             (no amulet)
HPRegen  0.14/turn              (no ring)
MPRegen  0.10/turn              (no ring)

@: no status effects
A: reduced essence, hooves 1, powered by death 1, spiny 1
a: Recall Ancestor, Ancestor Identity, Renounce Religion


You were on level 4 of the Dungeon.
You worshipped Hepliaklqana.
Hepliaklqana was noncommittal.
You were not hungry.

You visited 1 branch of the dungeon, and saw 4 of its levels.

You collected 218 gold pieces.

Inventory:

Hand Weapons
 a - a +0 long sword (weapon)
 o - a +2 hand axe of flaming
Missiles
 d - 2 throwing nets (quivered)
 j - 3 tomahawks
Armour
 b - a +0 leather armour
 c - a +0 helmet (worn)
 h - a cursed +0 helmet
 p - a +0 ring mail of cold resistance (worn)
Jewellery
 e - a cursed amulet of magic regeneration {unknown}
 k - an uncursed ring of protection from fire {unknown}
Wands
 t - a wand of polymorph (5)
 u - a wand of disintegration (10)
Scrolls
 g - a scroll of immolation {unknown}
 l - a scroll of enchant weapon {unknown}
 m - a scroll of magic mapping {unknown}
 n - 2 scrolls of random uselessness {unknown}
 s - 2 scrolls of identify {unknown}
Potions
 i - a potion of brilliance
 q - 2 potions of heal wounds {unknown}
 r - a potion of agility {unknown}
Comestibles
 f - 3 rations


   Skills:
 + Level 3.6 Fighting
 * Level 4.9 Long Blades
 - Level 1.7 Throwing
 + Level 3.9 Dodging


You had 5 spell levels left.
You didn't know any spells.
Your spell library was empty.

Dungeon Overview and Level Annotations

Branches:
Dungeon (4/15)
 Temple: D:4-7

Altars:
Cheibriados
Dithmenos
Elyvilon
Hepliaklqana
Makhleb
Trog
Vehumet

Annotations:
D:4 Eustachio


Innate Abilities, Weirdness & Mutations

You have large cloven feet.
You regenerate a little health from kills.
You are partially covered in sharp spines.
Your life essence is reduced to manifest your ancestor. (-10% HP)


Message History

The white imp gestures at you. The puff of frost misses you.
The quasit closely misses you.
The quasit claws you but does no damage.
The quasit closely misses you.
You hit Eustachio.
Eustachio is lightly wounded.
Eustachio hits you with a +4 rapier of electrocution.
The quasit closely misses you.
The quasit claws you but does no damage.
The quasit barely misses you. The white imp is struck by your spines.
The white imp hits you but does no damage.
Si-Tayit barely misses the quasit.
You barely miss Eustachio. Your kick misses Eustachio.
Eustachio is lightly wounded.
The quasit bites you. The quasit misses you. The quasit claws you.
Eustachio is struck by your spines.
Eustachio hits you with a +4 rapier of electrocution!
You are electrocuted!
* * * LOW HITPOINT WARNING * * *
Si-Tayit misses the quasit.
The white imp hits you.
You die...

#.........#.......#
#.........#.......###
............##[##.....#
.............##.##.....##
.#+#.........##.###.....#
#..........#.# #<....#
#..........#.# ###...###
###...######.††.#
#.........###...#######
#.....5...............#
#....i@$R.###.........#
........5..# #<........#
##.........# ###...#####
#.........# #####
...........# ...........#
############


You could see the friendly Si-Tayit the ancestor, Eustachio the spriggan, a
quasit and a white imp.

Vanquished Creatures
  An ogre (D:2)
  4 worker ants
  4 adders (D:3)
  An ooze (D:3)
  4 dart slugs
  4 leopard geckos
  11 orcs (D:3)
  4 bats (D:1)
  4 giant cockroaches
  4 goblins
  5 hobgoblins
  4 jackals
  A quokka (D:2)
  2 ball pythons (D:3)
  2 frilled lizards
  6 kobolds
  A quokka skeleton (D:4)
  4 rats
66 creatures vanquished.

Vanquished Creatures (collateral kills)
  A giant cockroach (D:4)
1 creature vanquished.

Vanquished Creatures (others)
  An ancestor (D:4)
1 creature vanquished.

Grand Total: 68 creatures vanquished

Notes
Turn   | Place    | Note
-------+----------+-------------------------------------------
     0 | D:1      | Voker57 the Demonspawn Gladiator began the quest for the
                  | Orb.
     0 | D:1      | Reached XP level 1. HP: 16/16 MP: 1/1
   256 | D:1      | Reached skill level 3 in Long Blades
   343 | D:1      | Gained mutation: You have large cloven feet. [demonic
                  | ancestry]
   343 | D:1      | Reached XP level 2. HP: 22/22 MP: 2/2
   714 | D:2      | Gained mutation: You are partially covered in sharp spines.
                  | [demonic ancestry]
   714 | D:2      | Reached XP level 3. HP: 28/28 MP: 3/3
   721 | D:2      | Noticed an ogre
   731 | D:2      | Killed an ogre
   731 | D:2      | Reached skill level 4 in Long Blades
   731 | D:2      | Reached XP level 4. HP: 15/35 MP: 4/4
   988 | D:2      | You fall through a shaft!
  1276 | D:3      | Reached XP level 5. HP: 41/41 MP: 5/5
  1914 | D:3      | Found a radiant altar of Vehumet.
  1914 | D:3      | Found a burning altar of Makhleb.
  1915 | D:3      | Found a hazy altar of Hepliaklqana.
  1980 | D:3      | Became a worshipper of Hepliaklqana the Forgotten
  1993 | D:3      | Found a shadowy altar of Dithmenos.
  2100 | D:4      | Gained mutation: You regenerate a little health from kills.
                  | [demonic ancestry]
  2100 | D:4      | Reached XP level 6. HP: 20/42 MP: 6/6
  2518 | D:4      | Found a white marble altar of Elyvilon.
  2527 | D:4      | Found a bloodstained altar of Trog.
  2553 | D:4      | Found a snail-covered altar of Cheibriados.
  2604 | D:4      | Noticed Eustachio
  2612 | D:4      | Noticed Eustachio
  2612 | D:4      | Eustachio changed into Eustachio the spriggan
  2615 | D:4      | HP: 2/42 [Eustachio the spriggan/+4 rapier of electrocution
                  | (16)]
  2615 | D:4      | Slain by a white imp

Levels and vault maps discovered:
D:1:      lightli_iron_boxes, layout_loops_ring, kennysheep_decorative_pillar
D:2:      layout_loops_corners, eat_drink_and_be_merry_uskayaw,
          chequers_ecumenical_altar_simple_redux, grunt_decor_arrowhead
D:3:      layout_loops_ring, gammafunk_temple_overflow_forgotten,
          grunt_dithmenos_smoke, minmay_stone_trees_large
D:4:      layout_rooms, kennysheep_mini_moat, nicolae_overflow_quartered_altars,
          cheibriados_altar_1, uniq_eustachio

Skill      XL: |  1  2  3 |
---------------+----------+-----
Long Blades    | 3 4 |  4.9
Dodging        | 3 |  3.9
Fighting       | 3 |  3.6
Throwing       | |  1.7

Action                   |  1- 3 |  4- 6 || total
-------------------------+-------+-------++-------
Melee: Long sword        |    41 |   104 ||   145
       Kick              |    11 |    33 ||    44
Throw: Throwing net      |     1 |       ||     1
Evoke: Wand              |       |     1 ||     1
  Use: Scroll            |       |     1 ||     1
       Potion            |       |     4 ||     4
 Stab: Sleeping          |     1 |       ||     1
       Held in net/web   |     1 |       ||     1
  Eat: Chunk             |       |     3 ||     3
       Ration            |       |     1 ||     1
Armor: Leather armour    |     9 |     1 ||    10
       Ring mail         |       |    33 ||    33
Dodge: Dodged            |    24 |    85 ||   109
       Rpst.: Long sword |    13 |    20 ||    33

Table legend:
 A = Non-vault XP
 B = Vault XP
 C = Vault XP percentage of total XP
 D = Non-vault monster count
 E = Vault monster count
 F = Vault count percentage of total count
                 A         B        C        D         E       F
            +---------+---------+-------+---------+---------+-------
      Total |     444 |       0 |   0.0 |      67 |       0 |   0.0
            +---------+---------+-------+---------+---------+-------
        D:1 |      39 |       0 |   0.0 |      19 |       0 |   0.0
        D:2 |     132 |       0 |   0.0 |       5 |       0 |   0.0
        D:3 |     159 |       0 |   0.0 |      34 |       0 |   0.0
        D:4 |     114 |       0 |   0.0 |       9 |       0 |   0.0
            +---------+---------+-------+---------+---------+-------
